 Dungeon Crawl Stone Soup version 0.27-a0-1525-g1038ab4fd7 (webtiles) character file.

Game seed: 16870620504869834563

181 lmSkywalker the Insei (level 5, -7/42 HPs)
             Began as a Draconian Transmuter on July 10, 2021.
             Mangled by an ogre (30 damage)
             ... on level 3 of the Dungeon.
             The game lasted 00:13:19 (3970 turns).

lmSkywalker the Insei (Draconian Transmuter)        Turns: 3970, Time: 00:13:19

Health: -7/42      AC:  7    Str: 12    XL:     5   Next: 34%
Magic:  8/8        EV: 12    Int: 14    God:
Gold:   125        SH:  0    Dex: 12    Spells: 2/8 levels left

rFire    + . .     SeeInvis .     - Unarmed
rCold    . . .     Faith    .   (no shield)
rNeg     . . .     Spirit   .   (armour unavailable)
rPois    .         Reflect  .   j - +2 hat
rElec    .         Harm     .   (no cloak)
rCorr    .         Rampage  .   (no gloves)
Will     .....                  (no boots)
Stlth    +.........             (no amulet)
HPRegen  0.14/turn              g - ring of protection from fire
MPRegen  0.11/turn              p - ring of flight

@: flying
A: AC +5, unfitting armour, cold-blooded
a: no special abilities


You were on level 3 of the Dungeon.
You visited 1 branch of the dungeon, and saw 4 of its levels.

You collected 125 gold pieces.

Inventory:

Missiles
 l - 53 stones (quivered)
Armour
 j - a +2 hat (worn)
Jewellery
 g - a ring of protection from fire (left hand)
 n - a ring of resist corrosion
 p - a ring of flight (right hand)
Scrolls
 a - 3 scrolls of identify {unknown}
 b - a scroll of blinking {unknown}
 d - 2 scrolls of teleportation {unknown}
 f - a scroll of enchant armour {unknown}
 h - a scroll of amnesia {unknown}
 i - a scroll of acquirement {unknown}
 m - a scroll of noise {unknown}
Potions
 c - a potion of might {unknown}
 e - a potion of brilliance {unknown}
 k - a potion of degeneration {unknown}
 o - a potion of mutation {unknown}
 q - a potion of heal wounds {unknown}


   Skills:
 + Level 2.7 Fighting
 + Level 2.7 Dodging
 + Level 3.7 Unarmed Combat
 - Level 2.4 Spellcasting
 + Level 3.1 Transmutations
 + Level 1.2 Poison Magic


You had 2 spell levels left.
You knew the following spells:

 Your Spells              Type           Power      Damage    Failure   Level
a - Beastly Appendage     Tmut           20%        N/A       6%          1
b - Wereblood             Tmut           10%        N/A       10%         2
c - Spider Form           Tmut/Pois      3%         N/A       28%         3

Your spell library contained the following spells:

 Spells                   Type           Power      Damage    Failure   Level
 Sandblast                Erth           2%         2d4       22%         1
 Ice Form                 Ice/Tmut       6%         N/A       75%         4
 Alistair's Intoxication  Tmut/Pois      4%         N/A       95%         5
 Borgnjor's Vile Clutch   Necr/Erth      0%         N/A       99%         5
 Eringya's Noxious Bog    Tmut/Pois      3%         N/A       100%        6


Dungeon Overview and Level Annotations

Branches:
Dungeon (4/15)
 Temple: D:4-7

Altars:
Fedhas

Annotations:
D:4 exclusion: ogre


Innate Abilities, Weirdness & Mutations

Your plain brown scales are hard. (AC +5)
You cannot fit into any form of body armour.
You are cold-blooded and may be slowed by cold attacks.


Message History

The jackal is heavily wounded.
The jackal bites you. The giant cockroach misses you.
The jackal barely misses you.
The giant cockroach waves its antennae.
The giant cockroach bites you but does no damage.
You hit the jackal.
You kill the jackal!
The giant cockroach barely misses you.
You punch the giant cockroach!
You kill the giant cockroach!
No target in view!
You fly downwards.
Level annotation: exclusion: ogre Your horns disappear.
Your talons disappear.
Your +2 hat unmelds from your body.
The jackal barks!
There is a stone staircase leading up here.
Casting: Beastly Appendage (safe; 6% risk of failure)
Confirm with . or Enter, or press ? or * to list all spells.
You grow a pair of large bovine horns.
Your feet morph into talons.
Your +2 hat melds into your body.
The ogre barely misses you.
You fly upwards.
There is a stone staircase leading down, spattered with blood here.
Okay, then.
You see here a jackal corpse.
Your transformation is almost over.
Your horns disappear.
Your talons disappear.
Your +2 hat unmelds from your body.
There is a stone staircase leading up here.
The ogre closely misses you.
Okay, then.
The ogre hits you with a +0 giant spiked club!!
Ouch! That really hurt!
* * * LOW HITPOINT WARNING * * *
The ogre hits you but does no damage.
There is a stone staircase leading up here.
The ogre hits you with a +0 giant spiked club!!
Ouch! That really hurt!
You die...

.#######...).###.##### ###..
...........### #.# ########
### #....<....## #.# #......#
# ....#####.### #.## #......#
# ##### #...## #..# #......##
###..####.####.......####
########....#................
#............O....###########
#...........@#.....####
#..........##.........#######
#..........##.......#.#......
#..........##.......#...#####
########..####<.........#
##..........####.#
#..P.P......# #.#
#..._.......# #†#
#..P.P......# #>#


You could see an ogre.

Vanquished Creatures
  Jessica (D:2)
  4 adders
  4 gnolls (D:2)
  2 worms
  3 dart slugs
  4 orcs (D:3)
  6 ball pythons
  4 bats
  11 endoplasms
  2 giant cockroaches
  2 goblins
  8 hobgoblins
  3 jackals
  A quokka (D:2)
  A frilled lizard (D:3)
  3 kobolds
  3 rats (D:1)
62 creatures vanquished.

Vanquished Creatures (others)
  6 fungi (D:2)
  2 plants (D:2)
8 creatures vanquished.

Grand Total: 70 creatures vanquished

Notes
Turn   | Place    | Note
-------+----------+-------------------------------------------
     0 | D:1      | lmSkywalker the Draconian Transmuter began the quest for
                  | the Orb.
     0 | D:1      | Reached XP level 1. HP: 16/16 MP: 3/3
   367 | D:1      | Reached XP level 2. HP: 14/23 MP: 3/5
  1416 | D:2      | Noticed Jessica
  1424 | D:1      | Reached XP level 3. HP: 19/29 MP: 4/6
  1537 | D:1      | Learned a level 2 spell: Wereblood
  1541 | D:1      | Learned a level 3 spell: Spider Form
  2015 | D:2      | Found a faded altar of an unknown god.
  2029 | D:2      | Killed Jessica
  2030 | D:2      | Reached XP level 4. HP: 10/36 MP: 3/7
  2052 | D:2      | Got Plato's Catalogue of the Rocks
  2763 | D:2      | Reached XP level 5. HP: 11/42 MP: 4/8
  2769 | D:2      | Reached skill level 1 in Poison Magic
  3427 | D:3      | Found a blossoming altar of Fedhas.
  3727 | D:4      | Noticed an ogre
  3970 | D:3      | Mangled by an ogre

Illustrated notes

Levels and vault maps discovered:
D:1:      scummos_arrival_simple_fountains, layout_loops_ring
D:2:      layout_rooms, shapermc_ecumenical_altar_rom_forum, uniq_jessica
D:3:      layout_rooms, fedhas_altar_1, minmay_goblin_kobold_house
D:4:      layout_basic, makhleb_blood_cavern_becter

Skill      XL: |  1  2  3  4  5 |
---------------+----------------+-----
Dodging        | 2 |  2.7
Fighting       | 2 |  2.7
Poison Magic   | 1 |  1.2
Transmutations | 3 |  3.1
Unarmed Combat | |  3.7
Spellcasting   | |  2.4

Action                   |  1- 3 |  4- 6 || total
-------------------------+-------+-------++-------
Melee: Unarmed           |    91 |   104 ||   195
       Kick              |    17 |    20 ||    37
       Tailslap          |     8 |     8 ||    16
       Headbutt          |     4 |    14 ||    18
       Punch             |     2 |     3 ||     5
Throw: Stone             |       |     1 ||     1
 Cast: Beastly Appendage |    29 |    27 ||    56
       Wereblood         |     1 |     7 ||     8
 Stab: Sleeping          |     1 |       ||     1
Armor: Skin              |    19 |    37 ||    56
Dodge: Dodged            |    45 |    82 ||   127

Table legend: (Time is in decaauts)
 A = Elapsed time spent in this place.
 B = Non-inter-level travel time spent in this place.
 C = Inter-level travel time spent in this place.
 D = Time resting spent in this place.
 E = Time spent auto-exploring this place.
 F = Levels seen in this place.
 G = Mean time per level.
                   A        B        C        D        E       F      G
               +--------+--------+--------+--------+--------+-----+--------+
         Total |   3965 |   3792 |    173 |    870 |   1475 |   4 |  991.2 |
       Dungeon |   3965 |   3792 |    173 |    870 |   1475 |   4 |  991.2 |
               +--------+--------+--------+--------+--------+-----+--------+

Top non-repeatable levels by time:
     D:1: 1583 daAuts
     D:2: 1438 daAuts
     D:3: 930 daAuts
     D:4: 13 daAuts
